[Event "ICC tourney 2552 (3 2)"]
[Site "Internet Chess Club"]
[Date "2021.05.07"]
[Round "4"]
[White "DENG, CALEB:K01-30029985"]
[Black "MUKTINUTALAPATI, MIHIR:K03-30158462"]
[Result "1-0"]
[ICCResult "Black checkmated"]
[WhiteElo "1400"]
[BlackElo "1400"]
[Opening "Four knights: Italian variation"]
[ECO "C55"]
[NIC "IG.01"]
[Time "19:15:09"]
[PlyCount "41"]
[TimeControl "180+2"]

1. e4 e5 2. Nf3 Nc6 3. Bc4 Nf6 4. Nc3 d5 5. exd5 Nxd5 6. Bxd5 Nb4 7. Bb3
Bd6 8. O-O c6 9. d4 exd4 10. Qxd4 Nxc2 11. Qd2 Nxa1 12. Re1+ Be6 13. Bxe6
Nb3 14. Bxb3+ Be7 15. Qxd8+ Kxd8 16. Bxf7 Bc5 17. Rd1+ Ke7 18. Bb3 Kf6 19.
Bg5+ Kf5 20. Ne2 Ke4 21. Ng3# { Black checkmated } 1-0

[Event "ICC tourney 2552 (3 2)"]
[Site "Internet Chess Club"]
[Date "2021.05.07"]
[Round "4"]
[White "JACK GREENE, WILLILAM:K05-30165343"]
[Black "BADAM, GAUTHAM:K01-30070352"]
[Result "1-0"]
[ICCResult "Black checkmated"]
[WhiteElo "1400"]
[BlackElo "1400"]
[Opening "KP: Lopez opening"]
[ECO "C20"]
[NIC "KP.10"]
[Time "19:15:05"]
[PlyCount "43"]
[TimeControl "180+2"]

1. e4 e5 2. c3 Nc6 3. d4 Nf6 4. dxe5 Nxe5 5. Nd2 Qe7 6. f3 Ng6 7. Qe2 Qe6
8. b3 Bd6 9. Bb2 O-O 10. c4 Nh5 11. Nh3 Bf4 12. Bc1 Bg3+ 13. hxg3 d6 14.
Qe3 c5 15. Nf4 Qf6 16. Nxh5 Qxa1 17. Kd1 Qxa2 18. Nf4 Ne7 19. Nd5 Nc6 20.
Qf4 Na5 21. Qh4 Nxb3 22. Qxh7# { Black checkmated } 1-0

[Event "ICC tourney 2552 (3 2)"]
[Site "Internet Chess Club"]
[Date "2021.05.07"]
[Round "4"]
[White "HOLBROOK, WILLIAM:K01-30066196"]
[Black "STANLEY, GRANT:K01-17272740"]
[Result "1-0"]
[ICCResult "Black checkmated"]
[WhiteElo "1400"]
[BlackElo "1071"]
[Opening "Queen's pawn, Mason variation"]
[ECO "D00"]
[NIC "QP.08"]
[Time "19:15:30"]
[PlyCount "31"]
[TimeControl "180+2"]

1. d4 d5 2. Bf4 Nf6 3. e3 Bf5 4. Nf3 e5 5. Nxe5 Bb4+ 6. c3 Ba5 7. Bd3 O-O
8. Bxf5 Qe7 9. O-O Ne4 10. Nd2 Nxc3 11. bxc3 Bxc3 12. Rb1 Bb4 13. Qe2 Qh4
14. Bg3 Qh5 15. Qxh5 Be7 16. Qxh7# { Black checkmated } 1-0

[Event "ICC tourney 2552 (3 2)"]
[Site "Internet Chess Club"]
[Date "2021.05.07"]
[Round "4"]
[White "LINGISHETTY, ISHAAN:K05-16449486"]
[Black "RAO, ARJUN:K01-30140896"]
[Result "1-0"]
[ICCResult "Black checkmated"]
[WhiteElo "1400"]
[BlackElo "1400"]
[Opening "Giuoco Piano"]
[ECO "C54"]
[NIC "IG.02"]
[Time "19:16:17"]
[PlyCount "35"]
[TimeControl "180+2"]

1. e4 e5 2. Nf3 Nc6 3. Bc4 Bc5 4. c3 Nf6 5. d4 exd4 6. cxd4 Nxd4 7. Nxd4
O-O 8. Nc3 Re8 9. Qb3 Qe7 10. Nde2 Nxe4 11. Nxe4 Qh4 12. Bxf7+ Kf8 13. Bxe8
Kxe8 14. Qg8+ Bf8 15. Ng5 Qb4+ 16. Bd2 Qxb2 17. Qf7+ Kd8 18. Qxf8# { Black
checkmated } 1-0

[Event "ICC tourney 2552 (3 2)"]
[Site "Internet Chess Club"]
[Date "2021.05.07"]
[Round "4"]
[White "RAO, ANJALI:K05-30140885"]
[Black "ZHONG, EVAN:K01-30064302"]
[Result "0-1"]
[ICCResult "White checkmated"]
[WhiteElo "1400"]
[BlackElo "1400"]
[Opening "King's pawn opening"]
[ECO "B07"]
[NIC "VO.17"]
[Time "19:15:21"]
[PlyCount "70"]
[TimeControl "180+2"]

1. e4 d6 2. d4 Nd7 3. Nf3 g6 4. d5 Bg7 5. Nc3 Ngf6 6. Bd2 b6 7. Bb5 Bb7 8.
O-O a6 9. Bxd7+ Nxd7 10. Re1 O-O 11. Bf4 e5 12. Bg5 f6 13. Be3 h6 14. Qd2
Kh7 15. Rad1 Rf7 16. b4 Qf8 17. a4 f5 18. exf5 Rxf5 19. a5 b5 20. Qd3 Qf7
21. Nh4 Rf6 22. Ne2 Rf8 23. Rf1 Kh8 24. Ng3 g5 25. Ne4 gxh4 26. Nxf6 Bxf6
27. Bxh6 Rg8 28. Qd2 Rg6 29. Rfe1 Qg8 30. g3 Qh7 31. Be3 h3 32. Qd3 Qg7 33.
f3 Rxg3+ 34. hxg3 Qxg3+ 35. Kf1 Qg2# { White checkmated } 0-1

[Event "ICC tourney 2552 (3 2)"]
[Site "Internet Chess Club"]
[Date "2021.05.07"]
[Round "4"]
[White "ROY, AYUSH:K05-16710940"]
[Black "BALAMURUGAN, ABHIJAY:K05-16913354"]
[Result "1-0"]
[ICCResult "Black resigns"]
[WhiteElo "1400"]
[BlackElo "1493"]
[Opening "QGA: 3.e4"]
[ECO "D20"]
[NIC "QG.04"]
[Time "19:16:17"]
[PlyCount "37"]
[TimeControl "180+2"]

1. d4 d5 2. c4 dxc4 3. e4 Nf6 4. Nc3 Nc6 5. Nf3 Bg4 6. Be3 e6 7. Bxc4 Bb4
8. e5 Ne4 9. Qc2 Bxf3 10. gxf3 Ng5 11. Be2 Nxd4 12. Bxd4 Qxd4 13. Rd1 Qxe5
14. Qa4+ c6 15. Qxb4 Nxf3+ 16. Kf1 Nxh2+ 17. Kg2 Qg5+ 18. Kxh2 Qf4+ 19.
Qxf4 { Black resigns } 1-0

[Event "ICC tourney 2552 (3 2)"]
[Site "Internet Chess Club"]
[Date "2021.05.07"]
[Round "4"]
[White "SZEPOK CHUNG, RONNIE:K03-17296250"]
[Black "JAYAKEERTHI, TANUSH:K05-30169829"]
[Result "1-0"]
[ICCResult "Black resigns"]
[WhiteElo "1400"]
[BlackElo "1400"]
[Opening "two knights defense: Wilkes Barre (Traxler) variation"]
[ECO "C57"]
[NIC "KP.01"]
[Time "19:16:17"]
[PlyCount "45"]
[TimeControl "180+2"]

1. e4 e5 2. Nf3 Nc6 3. Bc4 Nf6 4. Ng5 Bc5 5. Nxf7 Bxf2+ 6. Kxf2 Nxe4+ 7.
Kg1 Qh4 8. Qf3 Rf8 9. g3 Qh3 10. Qxe4 Rxf7 11. Bxf7+ Kxf7 12. Qg2 d5 13.
Qxh3 Bxh3 14. Nc3 d4 15. Ne4 Nb4 16. c3 Ke7 17. cxb4 Rf8 18. Nf2 e4 19. d3
e3 20. Bxe3 dxe3 21. Nxh3 e2 22. Re1 Rf2 23. Nxf2 { Black resigns } 1-0

[Event "ICC tourney 2552 (3 2)"]
[Site "Internet Chess Club"]
[Date "2021.05.07"]
[Round "4"]
[White "DARSI, AKHIL:K05-30155647"]
[Black "SINGEETHAM, VYASARAJ:K03-17011358"]
[Result "0-1"]
[ICCResult "White checkmated"]
[WhiteElo "1400"]
[BlackElo "1400"]
[Opening "Giuoco Piano"]
[ECO "C50"]
[NIC "IG.02"]
[Time "19:15:35"]
[PlyCount "40"]
[TimeControl "180+2"]

1. e4 e5 2. Nf3 Nc6 3. Bc4 Bc5 4. O-O Nf6 5. d3 O-O 6. Nc3 Re8 7. Re1 Ng4
8. h3 Nxf2 9. Qd2 Nxe4+ 10. d4 Nxd2 11. Bxd2 exd4 12. Nxd4 Bxd4+ 13. Be3
Bxe3+ 14. Kh1 d5 15. Bb5 Bxh3 16. Nxd5 Qxd5 17. Rg1 Bxg1 18. Rxg1 Re6 19.
Bd3 Rh6 20. b3 Bxg2# { White checkmated } 0-1

[Event "ICC tourney 2552 (3 2)"]
[Site "Internet Chess Club"]
[Date "2021.05.07"]
[Round "4"]
[White "BANG, ADITYA:K05-16841804"]
[Black "LIU, HEMING:K03-17283651"]
[Result "0-1"]
[ICCResult "White resigns"]
[WhiteElo "1400"]
[BlackElo "1400"]
[Opening "two knights: Max Lange attack, Schlechter variation"]
[ECO "C55"]
[NIC "KP.02"]
[Time "19:16:17"]
[PlyCount "38"]
[TimeControl "180+2"]

1. e4 e5 2. Nf3 Nc6 3. Bc4 Nf6 4. d4 exd4 5. O-O Bc5 6. e5 d5 7. exf6 dxc4
8. Re1+ Be6 9. fxg7 Rg8 10. Bg5 Qd7 11. Nbd2 Rxg7 12. Ne4 Be7 13. Bf6 Rg6
14. Bxd4 O-O-O 15. c3 Rdg8 16. g3 Bg4 17. Kg2 Kb8 18. Qa4 Bxf3+ 19. Kxf3
Nxd4+ { White resigns } 0-1

[Event "ICC tourney 2552 (3 2)"]
[Site "Internet Chess Club"]
[Date "2021.05.07"]
[Round "4"]
[White "ZHANG, RYAN:K06-16485982"]
[Black "RAHUL PAREKH, KANAK:K03-16747551"]
[Result "1-0"]
[ICCResult "Black checkmated"]
[WhiteElo "1400"]
[BlackElo "1400"]
[Opening "Sicilian: Grand Prix attack"]
[ECO "B23"]
[NIC "SI.44"]
[Time "19:15:16"]
[PlyCount "51"]
[TimeControl "180+2"]

1. e4 c5 2. Nc3 Nc6 3. f4 d6 4. Nf3 Bg4 5. h3 Bxf3 6. Qxf3 Nd4 7. Qd1 Nf6
8. Bc4 e6 9. O-O g6 10. e5 dxe5 11. fxe5 Nd5 12. Bxd5 exd5 13. d3 Bg7 14.
Bf4 O-O 15. Qd2 Re8 16. Rae1 Qb6 17. Nxd5 Qc6 18. Nf6+ Bxf6 19. exf6 Rxe1
20. Rxe1 Qxf6 21. Be5 Qc6 22. Qh6 f6 23. Bxd4 cxd4 24. Re7 Qxg2+ 25. Kxg2
Rf8 26. Qxh7# { Black checkmated } 1-0

[Event "ICC tourney 2552 (3 2)"]
[Site "Internet Chess Club"]
[Date "2021.05.07"]
[Round "4"]
[White "MANCHANDA, ADVIK:K01-30054176"]
[Black "WOO, ALEXANDER:K05-17096034"]
[Result "0-1"]
[ICCResult "White checkmated"]
[WhiteElo "1400"]
[BlackElo "1400"]
[Opening "Giuoco Piano"]
[ECO "C50"]
[NIC "IG.02"]
[Time "19:15:21"]
[PlyCount "74"]
[TimeControl "180+2"]

1. e4 e5 2. Nf3 Nc6 3. Bc4 Bc5 4. O-O Nf6 5. Nc3 O-O 6. d3 h6 7. h3 Nd4 8.
Nxe5 d6 9. Nxf7 Rxf7 10. a4 Be6 11. Bxe6 Nxe6 12. Be3 Bxe3 13. fxe3 d5 14.
exd5 Nxd5 15. Nxd5 Qxd5 16. Qh5 Qxh5 17. Rxf7 Qxf7 18. Rf1 Qxf1+ 19. Kxf1
Nc5 20. a5 b6 21. e4 bxa5 22. e5 Re8 23. d4 Ne6 24. d5 Nc5 25. d6 cxd6 26.
exd6 Rd8 27. c4 Rxd6 28. Ke2 a4 29. Ke3 Ne6 30. Ke4 Rd2 31. b4 a3 32. c5 a2
33. c6 a1=Q 34. Ke3 Qd4+ 35. Kf3 Rd3+ 36. Ke2 Nf4+ 37. Kf1 Rd1# { White
checkmated } 0-1

[Event "ICC tourney 2552 (3 2)"]
[Site "Internet Chess Club"]
[Date "2021.05.07"]
[Round "4"]
[White "SHAH, NIKHIL:K05-16252950"]
[Black "SUVOROV, ZACHARY:K06-30101116"]
[Result "1-0"]
[ICCResult "Black checkmated"]
[WhiteElo "1400"]
[BlackElo "1400"]
[Opening "Sicilian"]
[ECO "B53"]
[NIC "SI.01"]
[Time "19:16:17"]
[PlyCount "49"]
[TimeControl "180+2"]

1. e4 c5 2. Nf3 d6 3. d4 e6 4. d5 exd5 5. Qxd5 Be6 6. Qh5 g6 7. Qg5 Be7 8.
Qg3 Nh6 9. Bxh6 Qa5+ 10. Bd2 Qb6 11. e5 Qxb2 12. Bc3 Qxc2 13. exd6 Bxd6 14.
Qxd6 Nd7 15. Bxh8 Qa4 16. Ng5 Qa5+ 17. Nd2 f6 18. Qxe6+ Kd8 19. Nf7+ Kc8
20. Bxf6 Kb8 21. Qxd7 Qc7 22. Be5 a6 23. Qxc7+ Ka7 24. Nc4 a5 25. Qb6# {
Black checkmated } 1-0

[Event "ICC tourney 2552 (3 2)"]
[Site "Internet Chess Club"]
[Date "2021.05.07"]
[Round "4"]
[White "HONSTEIN, HENRY:K01-30059901"]
[Black "KIRKUS, GRANT:K03-30161085"]
[Result "0-1"]
[ICCResult "White checkmated"]
[WhiteElo "1400"]
[BlackElo "1400"]
[Opening "Giuoco Piano: four knights variation"]
[ECO "C46"]
[NIC "KP.06"]
[Time "19:16:29"]
[PlyCount "44"]
[TimeControl "180+2"]

1. e4 e5 2. Nf3 Nc6 3. Nc3 Bc5 4. Bc4 Nf6 5. h3 d6 6. Ng5 O-O 7. Nxf7 Rxf7
8. Bxf7+ Kxf7 9. O-O Be6 10. g4 d5 11. exd5 Nxd5 12. Nxd5 Bxd5 13. Kh2 Qd6
14. Kg1 e4 15. d3 Qg3+ 16. Kh1 e3+ 17. f3 Qxh3+ 18. Kg1 Qg3+ 19. Kh1 Nd4
20. Bxe3 Bxf3+ 21. Rxf3+ Nxf3 22. Bxc5 Qh2# { White checkmated } 0-1

[Event "ICC tourney 2552 (3 2)"]
[Site "Internet Chess Club"]
[Date "2021.05.07"]
[Round "4"]
[White "SANTOSH, SAHARSH:K03-17153914"]
[Black "JOHNSON, TNIYA:K05-30153002"]
[Result "1-0"]
[ICCResult "Black checkmated"]
[WhiteElo "1400"]
[BlackElo "1400"]
[Opening "Three knights game"]
[ECO "C46"]
[NIC "KP.06"]
[Time "19:15:27"]
[PlyCount "43"]
[TimeControl "180+2"]

1. e4 e5 2. Nf3 Nc6 3. Nc3 b6 4. Bc4 Bb7 5. d4 exd4 6. Nxd4 Nxd4 7. Qxd4
Bc5 8. Qxg7 Qf6 9. Qxf6 Nxf6 10. f3 Rf8 11. Bh6 Rg8 12. g4 Rg6 13. g5 Rxh6
14. gxh6 Rd8 15. Na4 Ke7 16. Nxc5 bxc5 17. O-O-O Rg8 18. Rhg1 Rh8 19. Rg7
Kf8 20. Rxf7+ Kg8 21. Rxf6+ d5 22. Rg1# { Black checkmated } 1-0

[Event "ICC tourney 2552 (3 2)"]
[Site "Internet Chess Club"]
[Date "2021.05.07"]
[Round "4"]
[White "THOMPSON, PETER:K06-16717682"]
[Black "PIEN, ALEXANDER:K03-16775438"]
[Result "0-1"]
[ICCResult "White checkmated"]
[WhiteElo "1400"]
[BlackElo "1400"]
[Opening "Giuoco Piano: four knights variation"]
[ECO "C47"]
[NIC "KP.06"]
[Time "19:15:24"]
[PlyCount "84"]
[TimeControl "180+2"]

1. e4 e5 2. Nf3 Nc6 3. Nc3 Nf6 4. Bc4 Bc5 5. O-O O-O 6. d3 d6 7. Be3 Bb6 8.
Bxb6 axb6 9. Qd2 Be6 10. Bxe6 fxe6 11. Qe3 Qd7 12. Rfe1 h6 13. d4 exd4 14.
Nxd4 Nxd4 15. Qxd4 e5 16. Qd5+ Nxd5 17. Nxd5 c6 18. Nxb6 Qf7 19. Nxa8 Qxf2+
20. Kh1 Rxa8 21. Rf1 Qxc2 22. Rac1 Qxb2 23. Kg1 Qxa2 24. Rf2 Qa5 25. g3 Qa7
26. Kg2 Rf8 27. Rxf8+ Kxf8 28. Rf1+ Kg8 29. g4 Qa2+ 30. Rf2 Qb3 31. Rf3 Qc4
32. Re3 b5 33. Kf3 b4 34. Re1 b3 35. Rb1 Qc3+ 36. Kg2 Qc2+ 37. Kh3 Qxb1 38.
Kh4 b2 39. g5 Qe1+ 40. Kh5 b1=Q 41. gxh6 Qbd1+ 42. Kg6 Qg4# { White
checkmated } 0-1

[Event "ICC tourney 2552 (3 2)"]
[Site "Internet Chess Club"]
[Date "2021.05.07"]
[Round "4"]
[White "GUPTA, VIHAAN:K01-30156581"]
[Black "ARUTLA, ADITYA:K05-16207801"]
[Result "0-1"]
[ICCResult "White checkmated"]
[WhiteElo "1084"]
[BlackElo "1400"]
[Opening "French: exchange, Svenonius variation"]
[ECO "C01"]
[NIC "FR.01"]
[Time "19:15:27"]
[PlyCount "98"]
[TimeControl "180+2"]

1. e4 e6 2. d4 d5 3. exd5 exd5 4. Nc3 Nf6 5. Bg5 Be7 6. Bxf6 Bxf6 7. Qe2+
Be6 8. Nf3 Nc6 9. g3 O-O 10. Bg2 Bh3 11. Bxh3 Re8 12. Ne5 Nxd4 13. Qd3
Rxe5+ 14. Kf1 Qe7 15. Qxd4 Re1+ 16. Rxe1 Qxe1+ 17. Kxe1 Bxd4 18. Nxd5 Bxb2
19. Kd2 Rd8 20. Re1 Rxd5+ 21. Ke3 Re5+ 22. Kd2 Bc3+ 23. Kxc3 Rxe1 24. Bc8
Re2 25. Kd3 Rxf2 26. Ke3 Rxh2 27. Kf3 Rxc2 28. Ke3 Rxa2 29. Kf3 b5 30. Ke3
b4 31. Kd3 Ra3+ 32. Kc2 Rxg3 33. Kb2 b3 34. Kc1 a5 35. Kb2 a4 36. Ka3 c5
37. Kxa4 b2 38. Kb5 b1=Q+ 39. Kxc5 Rc3+ 40. Kd4 Qd3+ 41. Ke5 Rc5+ 42. Kf4
g5+ 43. Kg4 Qe4+ 44. Kg3 Rc3+ 45. Kf2 Qc2+ 46. Ke1 Re3+ 47. Kf1 Qe2+ 48.
Kg1 Rg3+ 49. Kh1 Qg2# { White checkmated } 0-1

[Event "ICC tourney 2552 (3 2)"]
[Site "Internet Chess Club"]
[Date "2021.05.07"]
[Round "4"]
[White "S MORGAN, LAKSHMI:K05-16867525"]
[Black "MCKEE, IAN:K01-17270194"]
[Result "1-0"]
[ICCResult "Black checkmated"]
[WhiteElo "1400"]
[BlackElo "1400"]
[Opening "Evans gambit"]
[ECO "C51"]
[NIC "IG.05"]
[Time "19:16:37"]
[PlyCount "53"]
[TimeControl "180+2"]

1. e4 e5 2. Nf3 Nc6 3. Bc4 Bc5 4. b4 Bxb4 5. c3 Bc5 6. d4 exd4 7. O-O dxc3
8. Qb3 Qe7 9. Nxc3 Na5 10. Qa4 Nxc4 11. Qxc4 Nf6 12. Bg5 Bd6 13. Nd5 h6 14.
Nxe7 Kxe7 15. Bxf6+ Kxf6 16. Rfe1 Re8 17. Qd4+ Be5 18. Nxe5 Rxe5 19. f4 d6
20. fxe5+ dxe5 21. Rf1+ Ke6 22. Qd5+ Ke7 23. Qxf7+ Kd6 24. Rad1+ Kc6 25.
Qd5+ Kb6 26. Rb1+ Ka6 27. Qb5# { Black checkmated } 1-0

[Event "ICC tourney 2552 (3 2)"]
[Site "Internet Chess Club"]
[Date "2021.05.07"]
[Round "4"]
[White "TCHENG, SINH:K06-16951422"]
[Black "LIU, NATHAN:K03-30166452"]
[Result "0-1"]
[ICCResult "White checkmated"]
[WhiteElo "1400"]
[BlackElo "1400"]
[Opening "Giuoco Piano: four knights variation"]
[ECO "C55"]
[NIC "IG.01"]
[Time "19:15:57"]
[PlyCount "68"]
[TimeControl "180+2"]

1. e4 e5 2. Nf3 Nc6 3. Bc4 Nf6 4. Nc3 Bc5 5. Ng5 O-O 6. Bxf7+ Rxf7 7. Nxf7
Kxf7 8. O-O Kg8 9. d3 a5 10. Bg5 Be7 11. Nd5 Nxd5 12. exd5 Bxg5 13. dxc6
dxc6 14. Qh5 g6 15. Qf3 Bd7 16. Rae1 c5 17. Qd5+ Kf8 18. Rxe5 Bc6 19. Qxc5+
Be7 20. Qe3 Qd6 21. Qf4+ Ke8 22. Qe3 Rd8 23. f4 Rd7 24. g4 h6 25. f5 gxf5
26. gxf5 Kf8 27. Qxh6+ Qxh6 28. Rxe7 Rxe7 29. Re1 Rxe1+ 30. Kf2 Qd2+ 31.
Kg3 Rg1+ 32. Kh4 Qf2+ 33. Kh3 Qxf5+ 34. Kh4 Qh7# { White checkmated } 0-1

[Event "ICC tourney 2552 (3 2)"]
[Site "Internet Chess Club"]
[Date "2021.05.07"]
[Round "4"]
[White "VU HOLBROOK, AIDAN:K03-16806056"]
[Black "ALBERT, HELEN:K05-30150616"]
[Result "1-0"]
[ICCResult "Black forfeits on time"]
[WhiteElo "1400"]
[BlackElo "1400"]
[Opening "King's pawn game"]
[ECO "C50"]
[NIC "IG.03"]
[Time "19:15:18"]
[PlyCount "33"]
[TimeControl "180+2"]

1. e4 e5 2. Nf3 Nc6 3. Bc4 h6 4. c3 Nf6 5. d3 d5 6. exd5 Nxd5 7. O-O Be6 8.
Re1 f6 9. d4 Bd6 10. dxe5 fxe5 11. Bxd5 Bxd5 12. Qxd5 Ne7 13. Qxb7 Rb8 14.
Qxa7 Rf8 15. Be3 Nd5 16. Qa4+ Ke7 17. Qh4+ { Black forfeits on time } 1-0

[Event "ICC tourney 2552 (3 2)"]
[Site "Internet Chess Club"]
[Date "2021.05.07"]
[Round "4"]
[White "AGARWAL, SAATVIK:K01-30138317"]
[Black "CHAVEZ, HANFEI:K03-30165124"]
[Result "1-0"]
[ICCResult "Black checkmated"]
[WhiteElo "1400"]
[BlackElo "1400"]
[Opening "Four knights: double Ruy Lopez"]
[ECO "C49"]
[NIC "KP.03"]
[Time "19:15:23"]
[PlyCount "45"]
[TimeControl "180+2"]

1. e4 e5 2. Nf3 Nf6 3. Nc3 Nc6 4. Bb5 Bb4 5. d3 d6 6. Bxc6+ Bd7 7. Bxb7 Rb8
8. Ba6 Bxc3+ 9. bxc3 Ng4 10. O-O Nxf2 11. Rxf2 Ba4 12. d4 Bxc2 13. Qxc2 O-O
14. dxe5 h6 15. exd6 Qc8 16. dxc7 Qe8 17. cxb8=Q Qxb8 18. Rb1 Qe8 19. Bb5
a6 20. Bxe8 Rxe8 21. c4 Rxe4 22. Qxe4 a5 23. Rb8# { Black checkmated } 1-0

[Event "ICC tourney 2552 (3 2)"]
[Site "Internet Chess Club"]
[Date "2021.05.07"]
[Round "4"]
[White "JAIN, VARYAN:K06-15858144"]
[Black "KARTIWA, IAN:K03-17190178"]
[Result "0-1"]
[ICCResult "White forfeits on time"]
[WhiteElo "1400"]
[BlackElo "1400"]
[Opening "Queen's pawn, Mason variation, Steinitz counter-gambit"]
[ECO "D00"]
[NIC "QP.08"]
[Time "19:16:17"]
[PlyCount "22"]
[TimeControl "180+2"]

1. d4 d5 2. Bf4 c5 3. c3 e6 4. e3 Nc6 5. Bd3 c4 6. Bc2 Bd6 7. Bg3 Bxg3 8.
hxg3 f5 9. Nf3 g6 10. Nbd2 Nf6 11. Qe2 Bd7 { White forfeits on time } 0-1

[Event "ICC tourney 2552 (3 2)"]
[Site "Internet Chess Club"]
[Date "2021.05.07"]
[Round "4"]
[White "COX, OLIVER:K03-30137076"]
[Black "MAMCHIK, DANNY:K06-16671746"]
[Result "0-1"]
[ICCResult "White forfeits on time"]
[WhiteElo "1400"]
[BlackElo "1400"]
[Opening "French: Marshall variation"]
[ECO "C10"]
[NIC "FR.04"]
[Time "19:16:17"]
[PlyCount "44"]
[TimeControl "180+2"]

1. e4 e6 2. d4 d5 3. Nc3 c5 4. Nf3 cxd4 5. Qxd4 Nc6 6. Bb5 Bd7 7. Bxc6 Bxc6
8. O-O Nf6 9. Bg5 Be7 10. e5 Ne4 11. Bxe7 Qxe7 12. Nxe4 dxe4 13. Nd2 Rd8
14. Qe3 O-O 15. Rad1 Qb4 16. b3 b6 17. Rfe1 Rd7 18. Nxe4 Rxd1 19. Nf6+ gxf6
20. Rxd1 Qg4 21. f3 Qg5 22. Qxg5+ fxg5 { White forfeits on time } 0-1

[Event "ICC tourney 2552 (3 2)"]
[Site "Internet Chess Club"]
[Date "2021.05.07"]
[Round "4"]
[White "JAIN, ARUSH:K03-30022873"]
[Black "SRIRAM, SHRAVAN:K06-15894655"]
[Result "0-1"]
[ICCResult "White checkmated"]
[WhiteElo "1400"]
[BlackElo "1400"]
[Opening "French defense"]
[ECO "C00"]
[NIC "FR.01"]
[Time "19:16:37"]
[PlyCount "34"]
[TimeControl "180+2"]

1. e4 e6 2. Bc4 d5 3. Qe2 dxc4 4. d3 cxd3 5. cxd3 Bb4+ 6. Nd2 Nc6 7. Nf3
Nf6 8. O-O O-O 9. Nc4 b5 10. Nfe5 bxc4 11. Nxc6 Qd6 12. Bf4 Qxc6 13. Rac1
cxd3 14. Rfd1 dxe2 15. Re1 Bxe1 16. Rxc6 Ba5 17. Rc5 e1=Q# { White
checkmated } 0-1

[Event "ICC tourney 2552 (3 2)"]
[Site "Internet Chess Club"]
[Date "2021.05.07"]
[Round "4"]
[White "INDUKURI, SUHAS:K01-16887781"]
[Black "KONDABATHINI, NAMISH:K05-16992657"]
[Result "0-1"]
[ICCResult "White forfeits on time"]
[WhiteElo "1400"]
[BlackElo "1400"]
[Opening "Caro-Kann: classical variation"]
[ECO "B18"]
[NIC "CK.10"]
[Time "19:15:27"]
[PlyCount "46"]
[TimeControl "180+2"]

1. e4 c6 2. d4 d5 3. Nd2 dxe4 4. Nxe4 Bf5 5. Ng3 Bg6 6. Nf3 Nf6 7. h4 h6 8.
h5 Bh7 9. Bd3 Bxd3 10. Qxd3 e6 11. Bd2 Be7 12. O-O-O O-O 13. Ne4 Nbd7 14.
Rdg1 a5 15. Kb1 b5 16. g4 Nxe4 17. Qxe4 c5 18. g5 hxg5 19. Bxg5 Bxg5 20.
Rxg5 Nf6 21. Qd3 cxd4 22. h6 g6 23. Rxg6+ Kh8 { White forfeits on time }
0-1

[Event "ICC tourney 2552 (3 2)"]
[Site "Internet Chess Club"]
[Date "2021.05.07"]
[Round "4"]
[White "SAMUEL RYAN, ASHER:K03-17262978"]
[Black "AGNIHOTRI, AADI:K05-16443397"]
[Result "0-1"]
[ICCResult "White checkmated"]
[WhiteElo "782"]
[BlackElo "1400"]
[Opening "Queen's pawn game"]
[ECO "D00"]
[NIC "QP.08"]
[Time "19:15:57"]
[PlyCount "54"]
[TimeControl "180+2"]

1. d4 d5 2. e3 c5 3. Bd2 e6 4. Bd3 Nc6 5. Nf3 Bd6 6. O-O Nf6 7. Nc3 e5 8.
dxe5 Nxe5 9. Nxe5 Bxe5 10. Nb5 Qb6 11. Qe2 c4 12. Bxc4 dxc4 13. Qxc4 Be6
14. Qe2 O-O 15. Rfd1 Rac8 16. Bc3 Bxc3 17. Nxc3 Qxb2 18. Rab1 Qxc3 19. Rd2
Bc4 20. Qe1 Ne4 21. Rbd1 Nxd2 22. Rxd2 Rcd8 23. Qd1 Rxd2 24. Qxd2 Qxd2 25.
g3 Bd5 26. Kf1 Bf3 27. Kg1 Qd1# { White checkmated } 0-1

[Event "ICC tourney 2552 (3 2)"]
[Site "Internet Chess Club"]
[Date "2021.05.07"]
[Round "4"]
[White "TSYBOVSKY, ANTHONY:K03-30024259"]
[Black "SINGH CHANDI, ISHNOOR:K06-16106643"]
[Result "0-1"]
[ICCResult "White resigns"]
[WhiteElo "1400"]
[BlackElo "1400"]
[Opening "French: advance, Euwe variation"]
[ECO "C02"]
[NIC "FR.03"]
[Time "19:15:15"]
[PlyCount "54"]
[TimeControl "180+2"]

1. e4 e6 2. d4 d5 3. e5 c5 4. c3 Nc6 5. Nf3 Bd7 6. Bb5 Nxe5 7. Nxe5 Bxb5 8.
dxc5 Bxc5 9. Nd2 Nf6 10. Ndf3 Ne4 11. Be3 Bxe3 12. fxe3 Qb6 13. Qd4 Qxd4
14. exd4 h5 15. O-O-O Nf2 16. Ng5 f6 17. Nef7 Rf8 18. Nd6+ Kd7 19. Nxb5
fxg5 20. Rhf1 Nxd1 21. Rxd1 a6 22. Na3 Rf2 23. Rd2 Raf8 24. Nc2 Rxd2 25.
Kxd2 Rf2+ 26. Ke3 Rxg2 27. Kf3 Rxc2 { White resigns } 0-1

[Event "ICC tourney 2552 (3 2)"]
[Site "Internet Chess Club"]
[Date "2021.05.07"]
[Round "4"]
[White "WATANABE NUNEZ, RYUTA:K03-17015848"]
[Black "GILL, NEEV:K05-30079117"]
[Result "1-0"]
[ICCResult "Black checkmated"]
[WhiteElo "1400"]
[BlackElo "1400"]
[Opening "Van't Kruijs opening"]
[ECO "A00"]
[Time "19:16:17"]
[PlyCount "83"]
[TimeControl "180+2"]

1. e3 e5 2. d4 exd4 3. exd4 Nc6 4. Nf3 Nf6 5. Nc3 Qe7+ 6. Qe2 Qxe2+ 7. Bxe2
Nb4 8. Bd3 d6 9. O-O Nxd3 10. cxd3 Bf5 11. Re1+ Be7 12. Bg5 Be6 13. Bxf6
Bxf6 14. d5 Be5 15. dxe6 fxe6 16. Nxe5 O-O-O 17. Nf7 Rdf8 18. Nxh8 e5 19.
Nd5 Rxh8 20. f4 exf4 21. Nxf4 Rf8 22. Ne6 Re8 23. Nxg7 Rg8 24. Re8+ Rxe8
25. Nxe8 Kd7 26. Nf6+ Ke6 27. Nxh7 c5 28. Rf1 Kd5 29. Ng5 b5 30. Rf3 c4 31.
dxc4+ Kxc4 32. h4 d5 33. h5 d4 34. h6 d3 35. Ne4 Kd4 36. Nd2 a5 37. h7 b4
38. h8=Q+ Kc5 39. Rf5+ Kb6 40. Qh6+ Kc7 41. Rf7+ Kd8 42. Qh8# { Black
checkmated } 1-0

[Event "ICC tourney 2552 (3 2)"]
[Site "Internet Chess Club"]
[Date "2021.05.07"]
[Round "4"]
[White "THOMAS, JOHNATHAN:K03-16893496"]
[Black "GRESHAM, JOB:K05-16440438"]
[Result "0-1"]
[ICCResult "White resigns"]
[WhiteElo "1400"]
[BlackElo "1400"]
[Opening "Scandinavian: Pytel-Wade variation"]
[ECO "B01"]
[NIC "SD.02"]
[Time "19:15:35"]
[PlyCount "76"]
[TimeControl "180+2"]

1. e4 d5 2. exd5 Qxd5 3. Nc3 Qd6 4. Be2 Nf6 5. Nf3 Nc6 6. d3 Bg4 7. h3 Bh5
8. g4 Bg6 9. Be3 h6 10. Qd2 e6 11. O-O-O Be7 12. Kb1 O-O 13. d4 Rfd8 14.
Nb5 Qd7 15. Ne5 Nxe5 16. dxe5 Nd5 17. f4 Nxe3 18. Qxd7 Rxd7 19. Rxd7 Bc5
20. Rxc7 Bxc2+ 21. Kc1 a6 22. Rxc5 axb5 23. Kd2 Be4 24. Kxe3 Bxh1 25. Rxb5
Rxa2 26. Rxb7 Bxb7 27. b3 Rb2 28. Bc4 Bd5 29. Bxd5 exd5 30. Kd4 Rxb3 31.
Kxd5 Rxh3 32. Ke4 h5 33. gxh5 Rxh5 34. f5 f6 35. e6 Kf8 36. Kf4 Ke7 37. Kg4
Rh1 38. Kf4 Rg1 { White resigns } 0-1